 Dungeon Crawl Stone Soup version 0.29-a0-1065-g47a6bb87d6 (webtiles) character file.

Game seed: 1712064099405955531

2513 zishaf the Trooper (level 9, -8/79 HPs)
             Began as a Demigod Wanderer on Aug 18, 2022.
             Shot with a sling bullet by Joseph (14 damage)
             ... on level 7 of the Dungeon.
             The game lasted 00:23:29 (8990 turns).

zishaf the Trooper (Demigod Wanderer)               Turns: 8990, Time: 00:23:30

Health: -8/79      AC:  9    Str: 18    XL:     9   Next: 8%
Magic:  9/16       EV: 10    Int: 25    God:
Gold:   374        SH:  3    Dex: 11    Spells: 3/14 levels left

rFire   + . .      SeeInvis .   b - +1 short sword (elec)
rCold   . . .      Faith    .   z - +0 buckler
rNeg    . . .      Spirit   .   d - +1 robe
rPois   .          Reflect  .   g - +0 helmet
rElec   .          Harm     .   x - +0 cloak
rCorr   .          Rampage  .   (no gloves)
Will    .....                   (no boots)
Stlth   +.........              (no amulet)
HPRegen 0.23/turn               j - +4 ring of protection
MPRegen 0.15/turn               l - ring of protection from fire

@: no status effects
A: high MP 1, forlorn, divine attributes, mutation resistance 1, strong 1
a: no special abilities


You were on level 7 of the Dungeon.
You visited 1 branch of the dungeon, and saw 7 of its levels.
You also visited: Sewer.

You collected 374 gold pieces.

Inventory:

Hand Weapons
 a - a +0 sling of flaming
 b - a +1 short sword of electrocution (weapon)
 w - a +2 dagger of venom
Armour
 d - a +1 robe (worn)
 g - a +0 helmet (worn)
 x - a +0 cloak (worn)
 z - a +0 buckler (worn)
Magical Staves
 s - a staff of conjuration
Jewellery
 j - a +4 ring of protection (left hand)
 l - a ring of protection from fire (right hand)
Wands
 i - a wand of roots (22)
Scrolls
 c - a scroll of vulnerability
 f - a scroll of amnesia
 o - a scroll of enchant armour
 v - a scroll of enchant weapon
 y - a scroll of fog
 A - a scroll of brand weapon
Potions
 h - 3 potions of curing
 k - a potion of mutation
 m - 3 potions of attraction
 n - 4 potions of heal wounds
 p - a potion of brilliance
 q - a potion of magic {unknown}
 r - a potion of resistance {unknown}
 t - a potion of cancellation {unknown}
 u - 3 potions of flight {unknown}
Miscellaneous
 e - a lightning rod (4/4)


   Skills:
 + Level 7.1 Fighting
 + Level 1.4 Shields
 - Level 3.0 Spellcasting
 + Level 2.8 Conjurations
 + Level 6.8 Summonings
 - Level 2.1 Fire Magic
 - Level 5.1 Evocations


You had 3 spell levels left.
You knew the following spells:

 Your Spells              Type           Power      Damage    Failure   Level
a - Searing Ray           Conj           36%        2d5       6%          2
b - Fireball              Conj/Fire      8%         3d6       78%         5
A - Call Canine Familiar  Summ           38%        N/A       2%          3
B - Summon Small Mammal   Summ           100%       N/A       1%          1

Your spell library contained the following spells:

 Spells                   Type           Power      Damage    Failure   Level
 Beastly Appendage        Tmut           6%         N/A       13%         1
 Sting                    Tmut/Pois      12%        1d3       13%         1
 Passwall                 Tmut/Erth      2%         N/A       21%         2
 Poisonous Vapours        Pois/Air       6%         N/A       21%         2
 Wereblood                Tmut           3%         N/A       21%         2
 Stone Arrow              Conj/Erth      20%        3d8       22%         3
 Spider Form              Tmut/Pois      3%         N/A       36%         3
 Animate Armour           Summ/Erth      40%        N/A       32%         4
 Leda's Liquefaction      Hex/Erth       1%         N/A       78%         4
 Olgreb's Toxic Radiance  Pois           3%         N/A       78%         4
 Lehudib's Crystal Spear  Conj/Erth      5%         10d3      100%        8


Dungeon Overview and Level Annotations

Branches:
Dungeon (7/15)             Temple (0/1) D:6           Sewer (visited)

Shops:
D:4 =

Annotations:
D:7 Joseph


Innate Abilities, Weirdness & Mutations

You have an increased reservoir of magic. (+10% MP)
You shall have no god before yourself.
Your divine heritage dramatically boosts your attributes as you level up.
You are somewhat resistant to further mutation.
Your muscles are strong. (Str +4, Int/Dex -1)


Message History

Your hound dies!
Your hound's corpse disappears in a puff of smoke!
Casting: Call Canine Familiar (mildly dangerous; 2% risk of failure)
Confirm with . or Enter, or press ? or * to list all spells.
Joseph shoots a sling bullet.
The sling bullet hits your hound!
Joseph shoots a sling bullet.
The sling bullet hits your hound!!
Your hound dies!
Your hound's corpse disappears in a puff of smoke!
Casting: Call Canine Familiar (mildly dangerous; 2% risk of failure)
Confirm with . or Enter, or press ? or * to list all spells.
Joseph shoots a sling bullet.
The sling bullet hits you.
Unknown command.
Joseph unwields a +0 sling.
Joseph wields a +1 quarterstaff of holy wrath.
It softly glows with a divine radiance!
Joseph hits you with a +1 quarterstaff of holy wrath.
You barely miss Joseph.
Your hound bites Joseph.
Joseph hits you with a +1 quarterstaff of holy wrath!
Your hound barely misses Joseph.
You hit Joseph.
Joseph is lightly wounded.
Joseph hits you with a +1 quarterstaff of holy wrath!
Your hound barely misses Joseph.
You barely miss Joseph.
Joseph is lightly wounded.
Your hound bites Joseph.
Joseph hits you with a +1 quarterstaff of holy wrath!
* * * LOW HITPOINT WARNING * * *
Your hound bites Joseph.
Joseph hits you with a +1 quarterstaff of holy wrath.
* * * LOW HITPOINT WARNING * * *
Joseph attacks as you move away!
Joseph hits you with a +1 quarterstaff of holy wrath!
* * * LOW HITPOINT WARNING * * *
Your hound bites Joseph.
Your hound barely misses Joseph.
Joseph unwields a +1 quarterstaff of holy wrath.
It stops glowing.
Joseph wields a +0 sling.
Joseph shoots a sling bullet.
The sling bullet barely misses your hound.
The sling bullet hits you!
You die...

......#.#####
##+####.....#.#...
#...........#.#.##
#....#......#....#?
#....#..............
#...:.........#..#..
#....[.............
...##...#..#.#..#.
......$@h@.......#
######.#.#..#.####.##
.. #.#.#........... .
..#.#.##.#######
##.###.#........... ...
..#..#.#########
####.####..#..........
........#..###...######
#.........'........#


You could see Joseph (ally target) and a friendly hound (summoned).

Vanquished Creatures
  Grinder (D:3)
  Sigmund (D:2)
  Duvessa (D:7)
  A black bear (D:6)
  A sky beast (D:6)
  2 phantoms
  A centaur (D:7)
  A kobold brigand (D:6)
  Blork the orc (D:4)
  A scorpion (D:4)
  5 killer bees
  2 orc priests (D:5)
  An iguana (D:6)
  3 orc wizards
  3 river rats (Sewer)
  2 adders
  2 ufetubi (D:5)
  A dart slug (D:1)
  15 orcs
  4 ball pythons
  10 endoplasms
  2 giant cockroaches
  11 goblins
  7 hobgoblins
  5 jackals
  8 kobolds
  3 quokkas
  7 bats
  4 frilled lizards
  5 rats
111 creatures vanquished.

Vanquished Creatures (collateral kills)
  3 ogres
  A bullfrog (D:7)
  Dowan (D:7)
  6 hounds
  A jelly (D:6)
  2 orc priests (D:4)
  Crazy Yiuf (D:4)
  An iguana (D:5)
  2 orc wizards (D:6)
  Robin (D:2)
  6 adders
  3 river rats (Sewer)
  A white imp (D:6)
  2 dart slugs
  13 orcs
  A bat (D:1)
  An endoplasm (D:3)
  3 giant cockroaches (D:4)
  13 goblins
  8 jackals (D:5)
  2 kobolds
  A quokka (D:4)
  A ball python (D:3)
  7 frilled lizards
  4 rats
  A spectral kobold (D:4)
86 creatures vanquished.

Vanquished Creatures (others)
  9 fungi (D:4)
  8 plants
17 creatures vanquished.

Grand Total: 214 creatures vanquished

Notes
Turn   | Place    | Note
-------+----------+-------------------------------------------
     0 | D:1      | zishaf the Demigod Wanderer began the quest for the Orb.
     0 | D:1      | zishaf set off with the following items: a +0 club, a
                  | potion of attraction, a scroll of vulnerability, a +0 robe,
                  | a lightning rod (4/4); and the following spell memorised:
                  | Summon Small Mammal; and the following spells available to
                  | memorise: Call Canine Familiar.
     0 | D:1      | Reached XP level 1. HP: 18/18 MP: 5/5
   361 | D:1      | Reached XP level 2. HP: 25/25 MP: 7/7
   415 | D:1      | Reached skill level 3 in Fighting
  1025 | D:1      | Reached XP level 3. HP: 31/31 MP: 8/8
  1042 | D:1      | Learned a level 3 spell: Call Canine Familiar
  1290 | D:2      | Noticed Sigmund
  1656 | D:2      | Killed Sigmund
  1657 | D:2      | Reached skill level 4 in Fighting
  1657 | D:2      | Reached XP level 4. HP: 40/40 MP: 7/9
  1657 | D:2      | Reached XP level 5. HP: 46/46 MP: 7/10
  2065 | D:3      | Noticed Grinder
  2203 | D:3      | Noticed Robin
  2217 | D:2      | Killed Robin
  2239 | D:3      | Paralysed by Grinder for 5 turns
  2252 | D:3      | Killed Grinder
  2253 | D:3      | Reached skill level 5 in Fighting
  2253 | D:3      | Reached XP level 6. HP: 45/56 MP: 8/11
  2886 | D:4      | Reached skill level 5 in Summonings
  2890 | D:4      | Reached XP level 7. HP: 59/61 MP: 10/13
  2958 | D:4      | Found a runed translucent door.
  2959 | D:4      | Noticed Crazy Yiuf
  3116 | D:4      | Found a glowing drain.
  3120 | Sewer    | Entered a sewer
  4275 | D:4      | Found Tameusk's Jewellery Shoppe.
  4359 | D:4      | Noticed Blork the orc
  4391 | D:4      | Killed Blork the orc
  4874 | D:4      | Killed Crazy Yiuf
  4904 | D:5      | Entered Level 5 of the Dungeon
  4942 | D:5      | Reached skill level 6 in Fighting
  5510 | D:5      | Reached XP level 8. HP: 70/70 MP: 11/14
  5765 | D:5      | Got Vaon's Cyclopedia of the Crystalline Impact
  5769 | D:5      | Learned a level 2 spell: Searing Ray
  5775 | D:5      | Learned a level 5 spell: Fireball
  6153 | D:5      | Reached skill level 5 in Evocations
  6811 | D:6      | Found a staircase to the Ecumenical Temple.
  6823 | D:6      | Reached skill level 1 in Conjurations
  6823 | D:6      | Reached skill level 1 in Fire Magic
  7966 | D:6      | Reached skill level 7 in Fighting
  8091 | D:7      | Noticed Duvessa
  8091 | D:7      | Noticed Dowan
  8639 | D:7      | Killed Dowan
  8640 | D:7      | Reached skill level 1 in Shields
  8640 | D:7      | Reached XP level 9. HP: 51/79 MP: 13/16
  8712 | D:7      | Killed Duvessa
  8724 | D:7      | Gained mutation: You occasionally shout uncontrollably at
                  | your foes. [potion of mutation]
  8724 | D:7      | Gained mutation: Your spells are a little easier to cast,
                  | but a little less powerful. [potion of mutation]
  8724 | D:7      | Gained mutation: You are partially covered in iridescent
                  | scales. (AC +2) [potion of mutation]
  8725 | D:7      | Lost mutation: You are partially covered in iridescent
                  | scales. (AC +2) [potion of mutation]
  8725 | D:7      | Lost mutation: You occasionally shout uncontrollably at
                  | your foes. [potion of mutation]
  8725 | D:7      | Lost mutation: Your spells are a little easier to cast, but
                  | a little less powerful. [potion of mutation]
  8725 | D:7      | Gained mutation: You are dopey. (Int -2) [potion of
                  | mutation]
  8725 | D:7      | Gained mutation: Your muscles are strong. (Str +4, Int/Dex
                  | -1) [potion of mutation]
  8725 | D:7      | Gained mutation: You have a pair of small horns on your
                  | head. [potion of mutation]
  8726 | D:7      | Lost mutation: You have a pair of small horns on your head.
                  | [potion of mutation]
  8726 | D:7      | Lost mutation: You are dopey. (Int -2) [potion of mutation]
  8726 | D:7      | Gained mutation: You are somewhat resistant to further
                  | mutation. [potion of mutation]
  8972 | D:7      | Noticed Joseph
  8990 | D:7      | Shot with a sling bullet by Joseph

Illustrated notes

Levels and vault maps discovered:
D:1:      co_arrival_random_square_maze, layout_basic, kennysheep_pointless_box,
          minmay_lizard_king
D:2:      layout_rooms, hellmonk_ecumenical_altar_arch_garden,
          corexii_hall_statues_l, uniq_sigmund
D:3:      layout_rooms, grunt_gozag_statues,
          mainiacjoe_overflow_six_doors_small, grunt_decor_cap,
          minmay_ogre_servants, uniq_robin, uniq_grinder
D:4:      layout_basic, nicolae_hepliaklqana_monster_ancestors, serial_shops,
          nicolae_shop_hallway_stairs, gup_sewer_entry_bowl, serial_aquarium,
          aquarium_bridge_long_joined [aquarium_subvault_window,
          aquarium_subvault_bridge, aquarium_subvault_bridge,
          aquarium_subvault_window, aquarium_subvault_bridge,
          aquarium_subvault_window], aquarium_window_1, aquarium_window_1,
          aquarium_view_2a, aquarium_view_2e, chequers_big_river,
          uniq_crazy_yiuf_cottage, uniq_blork_the_orc
D:5:      layout_basic, lemuel_crystal_altar, elyvilon_altar_5,
          mainiacjoe_overflow_tiny_flanked
D:6:      layout_loops_cross, amcnicky_altar_gilded, minmay_temple_entry_grid
D:7:      layout_basic, minmay_holes, uniq_joseph, uniq_duvessa

Skill      XL: |  1  2  3  4  5  6  7  8 |
---------------+-------------------------+-----
Summonings     | 2 3 4 5 6 |  6.8
Spellcasting   | 2 3 |  3.0
Fighting       | 3 4 5 6 7 |  7.1
Evocations     | 3 4 5 |  5.1
Conjurations   | 2 |  2.8
Fire Magic     | 2 |  2.1
Shields        | 1 |  1.4

Action                   |  1- 3 |  4- 6 |  7- 9 || total
-------------------------+-------+-------+-------++-------
Melee: Club              |     3 |       |       ||     3
       Dagger            |       |       |    84 ||    84
       Short sword       |       |       |    64 ||    64
       Punch             |       |       |     1 ||     1
 Fire: Sling             |   101 |    72 |   129 ||   302
 Cast: Summon Small Mamm |     4 |       |       ||     4
       Call Canine Famil |     3 |     8 |    64 ||    75
       Searing Ray       |       |       |     5 ||     5
Evoke: Lightning rod     |     3 |     4 |     2 ||     9
  Use: Scroll            |       |     8 |     9 ||    17
       Potion            |       |       |     4 ||     4
 Stab: Distracted        |       |       |     1 ||     1
Armor: Robe              |    19 |    13 |   136 ||   168
Dodge: Dodged            |    38 |    38 |   185 ||   261
Block: Buckler           |       |       |    11 ||    11

Table legend: (Time is in decaauts)
 A = Elapsed time spent in this place.
 B = Non-inter-level travel time spent in this place.
 C = Inter-level travel time spent in this place.
 D = Time resting spent in this place.
 E = Time spent auto-exploring this place.
 F = Levels seen in this place.
 G = Mean time per level.
                   A        B        C        D        E       F      G
               +--------+--------+--------+--------+--------+-----+--------+
         Total |   9186 |   8643 |    543 |   1056 |   5490 |   8 | 1148.2 |
       Dungeon |   8408 |   7865 |    543 |   1040 |   4950 |   7 | 1201.1 |
         Sewer |    777 |    777 |      0 |     16 |    540 |   1 |  777.0 |
               +--------+--------+--------+--------+--------+-----+--------+

Top non-repeatable levels by time:
     D:6: 1810 daAuts
     D:4: 1725 daAuts
     D:1: 1546 daAuts
     D:5: 1427 daAuts
   Sewer: 777 daAuts
     D:3: 764 daAuts
     D:2: 630 daAuts
     D:7: 503 daAuts
